 Dungeon Crawl Stone Soup version 0.23.0 (webtiles) character file.

Game seed: 18027835558465166184

23 tidbits the Charmwright (level 3, 22/31 HPs)
             Began as a Gnoll Skald on Feb 17, 2019.
             Quit the game on level 1 of the Dungeon.
             The game lasted 00:05:06 (375 turns).

tidbits the Charmwright (Gnoll Skald)                Turns: 375, Time: 00:05:07

Health: 22/31      AC:  3    Str: 13    XL:     3   Next: 0%
Magic:  9/9        EV: 14    Int: 16    God:
Gold:   0          SH:  0    Dex: 14    Spells: 0/11 levels left

rFire    . . .     SeeInvis .   a - +0 spear
rCold    . . .     Gourm    .   (no shield)
rNeg     . . .     Faith    .   b - +0 leather armour
rPois    .         Spirit   .   (no helmet)
rElec    .         Reflect  .   (no cloak)
rCorr    .         Harm     .   (no gloves)
MR       .....                  (no boots)
Stlth    +.........             (no amulet)
HPRegen  0.10/turn              (no ring)
MPRegen  0.11/turn              (no ring)

@: no status effects
A: distributed training, fangs 1, strong nose
a: no special abilities


You were on level 1 of the Dungeon.
You were not hungry.

You visited 1 branch of the dungeon, and saw 2 of its levels.

Inventory:

Hand Weapons
 a - a +0 spear (weapon)
 d - a +2 dagger of venom
   (You took it off a goblin on level 2 of the Dungeon)
Armour
 b - a +0 leather armour (worn)
Jewellery
 j - an uncursed ring of fire
   (You found it on level 1 of the Dungeon)
Scrolls
 c - 3 scrolls of remove curse {unknown}
 e - a scroll of identify {unknown}
 f - a scroll of amnesia {unknown}
 g - 2 scrolls of enchant weapon {unknown}
 i - a scroll of fear {unknown}
Potions
 h - a potion of degeneration {unknown}
 k - 2 potions of ambrosia {unknown}
Comestibles
 l - 2 rations


   Skills:
 + Level 4.5 Fighting
 + Level 0.5 Short Blades
 + Level 0.5 Long Blades
 + Level 0.5 Axes
 + Level 0.5 Maces & Flails
 + Level 4.5 Polearms
 + Level 0.5 Staves
 + Level 0.5 Slings
 + Level 0.5 Bows
 + Level 0.5 Crossbows
 + Level 0.5 Throwing
 + Level 2.5 Armour
 + Level 4.5 Dodging
 + Level 0.5 Stealth
 + Level 0.5 Shields
 + Level 0.5 Unarmed Combat
 + Level 4.9 Spellcasting
 + Level 0.4 Conjurations
 + Level 0.4 Hexes
 + Level 5.4 Charms
 + Level 0.4 Summonings
 + Level 0.4 Necromancy
 + Level 0.4 Translocations
 + Level 0.4 Transmutations
 + Level 0.4 Fire Magic
 + Level 0.4 Ice Magic
 + Level 0.4 Air Magic
 + Level 0.4 Earth Magic
 + Level 0.4 Poison Magic
 + Level 0.7 Invocations
 + Level 0.5 Evocations


You couldn't memorise any spells.
You knew the following spells:

 Your Spells              Type           Power        Failure   Level  Hunger
g - Shroud of Golubria    Chrm/Tloc      ##........   9%          2    ##.....
i - Infusion              Chrm           ###.         2%          1    None
r - Regeneration          Chrm/Necr      ##........   19%         3    ###....
w - Spectral Weapon       Hex/Chrm       ##......     19%         3    ###....
y - Song of Slaying       Chrm           ###.....     3%          2    ##.....

Your spell library contained the following spells:

 Spells                   Type           Power        Failure   Level  Hunger


Dungeon Overview and Level Annotations

Branches:
Dungeon (2/15)

Altars:


Innate Abilities, Weirdness & Mutations

Your experience applies equally to all skills.
You have very sharp teeth.
Your uncanny sense of smell can sniff out nearby items.


Message History

Attack whom?
Press: ? - help, Dir - move target cursor, f - kobold
Aim: a kobold, wielding a +0 dagger You reach to attack!
You hit the kobold.
The kobold is heavily wounded.
There is a stone staircase leading up here.
You see here a giant cockroach corpse.
Your magical infusion is running out.
The kobold barely misses you.
You climb upwards.
There is a stone staircase leading down here.
Unknown command.
You hit the kobold.
You kill the kobold!
Things that are here:
a +0 dagger; a kobold corpse
There is an open door here.
You are no longer magically infusing your attacks.
Unknown command.
You open the door. You open the door.
There is an open door here.
Unknown command.
There is an open door here.
There is an open door here.
There is an open door here.
There is an open door here.
There is a stone staircase leading down here.
Casting: Infusion (safe; 2% risk of failure)
Confirm with . or Enter, or press ? or * to list all spells.
You begin infusing your attacks with magical energy.
Unknown command.
You climb downwards.
The worm bites you.
There is a stone staircase leading up here.
You see here a giant cockroach corpse.
Unknown command.
You hit the worm.
The worm is moderately wounded.
The worm bites you!
* * * LOW HITPOINT WARNING * * *
You climb upwards.
There is a stone staircase leading down here.
Unknown command.
You hit the worm.
The worm is heavily wounded.
The worm misses you.
You barely miss the worm.
The worm is moderately wounded.
You barely miss the worm.
The worm is moderately wounded.
The worm barely misses you.
You hit the worm!
The worm is severely wounded.
The worm bites you.
* * * LOW HITPOINT WARNING * * *
Unknown command.
You barely miss the worm.
The worm is severely wounded.
You hit the worm.
You kill the worm!
Your magical infusion is running out.
Things that are here:
a +0 dagger; a kobold corpse Unknown command.
There is a stone staircase leading down here.
You climb downwards.
The quokka barely misses you. The quokka misses you.
There is a stone staircase leading up, spattered with blood here.
You see here a giant cockroach corpse.
Unknown command.
You closely miss the quokka. Your bite misses the quokka.
The quokka bites you but does no damage.
You hit the quokka!
You kill the quokka!
You have reached level 3!
Your experience leads to an increase in your attributes!
Increase (S)trength, (I)ntelligence, or (D)exterity?
You feel clever.
You are no longer magically infusing your attacks.
Memorise Regeneration, consuming 3 spell levels and leaving 3?
You start memorising the spell.
You continue memorising. x3
You finish memorising.
Spell assigned to 'r'.
Memorise Spectral Weapon, consuming 3 spell levels and leaving 0?
You start memorising the spell.
You continue memorising. x3
You finish memorising.
Spell assigned to 'w'.
Unknown command.
Found a stone staircase leading down.
Unknown command.
An adder comes into view.
Found a gold piece.
Okay, then.
Unknown command.
There is a stone staircase leading up, spattered with blood here.
You see here a giant cockroach corpse.
You climb upwards.
There is a stone staircase leading down here.
Unknown command.
Unknown command.
Unknown command.
Unknown command.
Are you sure you want to abandon this character and quit the game? (Confirm with "yes".)

###########
#........@#
#.#########
#.# #.# #.#
#.# #.# #.#
#.#


There were no monsters in sight!

Vanquished Creatures
  An adder (D:2)
  A worm (D:1)
  A dart slug (D:2)
  A giant cockroach (D:2)
  A goblin (D:2)
  A kobold (D:1)
  2 quokkas (D:2)
  A frilled lizard (D:1)
  A rat (D:1)
10 creatures vanquished.

Notes
Turn   | Place    | Note
-------+----------+-------------------------------------------
     0 | D:1      | tidbits the Gnoll Skald began the quest for the Orb.
     0 | D:1      | Reached XP level 1. HP: 20/20 MP: 6/6
   216 | D:2      | Reached XP level 2. HP: 20/26 MP: 5/7
   220 | D:2      | Learned a level 2 spell: Song of Slaying
   223 | D:2      | Learned a level 2 spell: Shroud of Golubria
   289 | D:2      | Reached XP level 3. HP: 13/31 MP: 0/9
   294 | D:2      | Learned a level 3 spell: Regeneration
   298 | D:2      | Learned a level 3 spell: Spectral Weapon
   375 | D:1      | Quit the game

Action                   || total
-------------------------++-------
Melee: Spear             ||    28
 Cast: Infusion          ||     4
Armor: Leather armour    ||     1
Dodge: Dodged            ||    21

Table legend:
 A = Turns spent in this place as a percentage of turns spent in the entire game.
 B = Non-inter-level travel turns spent in this place as a percentage of non-inter-level travel turns spent in the entire game.
 C = Inter-level travel turns spent in this place as a percentage of turns spent in this place.
 D = Turns resting spent in this place as a percentage of non-inter-level travel turns spent in this place.
 E = Turns spent auto-exploring this place as a percentage of non-inter-level travel turns spent in this place.
 F = Non-inter-level travel turns spent in this place divided by the number of levels of this place that you've seen.
                   A       B       C       D       E      F
               +-------+-------+-------+-------+-------+----------------------
         Total | 100.0 | 100.0 |   0.0 |   0.0 |   0.0 | 187.5
       Dungeon | 100.0 | 100.0 |   0.0 |   0.0 |   0.0 | 187.5
               +-------+-------+-------+-------+-------+----------------------

Table legend:
 A = Kills in this place as a percentage of kills in entire the game.
 B = Kills by you in this place as a percentage of kills by you in the entire game.
 C = Kills by friends in this place as a percentage of kills by friends in the entire game.
 D = Other kills in this place as a percentage of other kills in the entire game.
 E = Experience gained in this place as a percentage of experience gained in the entire game.
 F = Experience gained in this place divided by the number of levels of this place that you have seen.
                   A       B       C       D       E      F
               +-------+-------+-------+-------+-------+----------------------
         Total | 100.0 | 100.0 |   N/A |   N/A | 100.0 |  17.0
       Dungeon | 100.0 | 100.0 |   N/A |   N/A | 100.0 |  17.0
               +-------+-------+-------+-------+-------+----------------------

Levels and vault maps discovered:
D:1:      nzn_arrival_settlement, layout_basic
D:2:      layout_loops_ring, first_ration, nicolae_ashenzari_panopticon
